Map: Nightscape LE

Players

JubJub

  • Race: Zerg Zerg
  • League: Platinum
  • Spawn Location: 1:00

Narwhal

  • Race: Protoss Protoss
  • League: Platinum
  • Spawn Location: 1:00

RuggedMusic

  • Race: Terran Terran
  • League: Silver
  • Spawn Location: 7:00

apocalypse

  • Race: Protoss Protoss
  • League: Platinum
  • Spawn Location: 7:00

VOD

Have the link to the VOD?

Description

test

Time

  • Played on: Sept. 29, 2020, 8:30 p.m.
  • Length: 19:26
Show
View Real Time Build Order
Export as new Build Order

JubJub Zerg 

Build Orders: Pool First 

Get SALT Encoding   

  12  0:00  Drone  
  13  0:12  Overlord  
  13  0:20  Drone  
  14  0:30  Drone x2  
  16  0:36  Drone  
  17  0:49  Spawning Pool  
  16  0:51  Drone  
  16  0:55  Extractor  
  16  0:56  Drone  
  17  1:07  Drone  
  18  1:27  Hatchery, Drone  
  18  1:43  Zergling x4  
  20  1:56  Zergling x2  
  21  2:11  Zergling x2  
  22  2:17  Spine Crawler  
  20  2:25  Overlord  
  20  2:35  Zergling x4  
  22  2:51  Drone  
  22  2:57  Drone, Queen  
  26  3:05  Zergling x2  
  27  3:17  Drone  
  28  3:37  Queen  
  28  3:38  Drone  
  28  3:39  Drone  
  32  3:57  Drone  
  33  4:07  Hatchery, Drone, Roach Warren  
  33  4:29  Zergling x4  
  33  4:32  Zergling x2  
  33  4:37  Metabolic Boost  
  34  4:42  Overlord  
  32  5:01  Roach  
  32  5:02  Drone  
  32  5:05  Lair  
  35  5:22  Drone x5  
  35  5:25  Queen  
  42  5:36  Drone x2  
  42  5:39  Queen  
  42  5:41  Drone x4  
  50  5:44  Overlord x3  
  48  6:08  Spore Crawler  
  48  6:11  Spore Crawler x2  
  46  6:14  Spore Crawler  
  46  6:15  Queen  
  46  6:19  Spire  
  46  6:20  Drone x3  
  46  6:21  Drone  
  46  6:39  Queen  
  46  6:47  Drone x3  
  49  6:56  Hydralisk Den  
  49  6:58  Queen  
  49  7:01  Drone x5  
  50  7:08  Drone x2  
  56  7:15  Queen  
  58  7:22  Extractor  
  57  7:23  Extractor  
  57  7:24  Extractor  
  57  7:25  Overlord x4  
  55  7:30  Drone x4  
  55  7:35  Corruptor  
  61  7:41  Drone  
  62  7:46  Spine Crawler  
  62  7:48  Queen  
  63  7:52  Corruptor  
  63  8:19  Corruptor x2  
  67  8:20  Overlord  
  67  8:21  Overlord x3  
  67  8:24  Drone x3  
  70  8:30  Corruptor  
  72  8:36  Queen  
  72  8:40  Grooved Spines  
  74  8:47  Corruptor  
  74  8:48  Drone x2  
  74  9:01  Corruptor  
  74  9:04  Overlord  
  74  9:05  Overlord x5  
  74  9:16  Corruptor  
  74  9:17  Corruptor  
  74  9:21  Zergling x16  
  86  9:30  Corruptor  
  88  9:37  Corruptor  
  90  9:42  Extractor  
  90  9:44  Queen, Extractor  
  90  9:46  Drone  
  90  9:47  Drone x9  
  94  10:00  Zergling x8  
  97  10:13  Zergling x6  
  97  10:14  Zergling x12  
  103  10:21  Zergling x2  
  103  10:22  Zergling x8  
  103  10:27  Drone  
  103  10:28  Drone  
  110  10:40  Hydralisk x6  
  122  10:44  Zerg Flyer Weapons Level 1, Muscular Augments  
  122  10:45  Overseer x2  
  122  10:53  Drone  
  122  10:54  Drone x3  
  122  10:55  Evolution Chamber  
  122  10:56  Evolution Chamber  
  123  11:17  Hydralisk x8  
  123  11:18  Hydralisk  
  139  11:35  Drone x7  
  146  11:50  Extractor  
  146  11:51  Hatchery, Corruptor x4  
  148  11:55  Extractor  
  134  12:04  Zergling x16  
  134  12:05  Zergling x4  
  134  12:08  Zerg Melee Weapons Level 1  
  134  12:22  Zergling x2  
  133  12:23  Zergling x16  
  136  12:35  Drone x5  
  141  12:46  Overlord  
  141  12:47  Overlord x3  
  133  13:09  Hydralisk  
  133  13:10  Hydralisk x4  
  140  13:19  Overseer  
  140  13:20  Overseer x2  
  140  13:24  Drone x10  
  140  13:25  Drone x6  
  156  13:30  Spore Crawler  
  156  13:32  Spore Crawler  
  156  13:33  Spine Crawler  
  153  13:53  Zerg Missile Weapons Level 1  
  153  13:55  Infestation Pit, Zerg Flyer Weapons Level 2  
  152  14:00  Extractor  
  152  14:02  Hatchery  
  150  14:04  Extractor  
  150  14:06  Drone x5  
  150  14:07  Drone x6  
  160  14:10  Corruptor  
  160  14:11  Corruptor  
  160  14:12  Corruptor  
  166  14:19  Corruptor x2  
  166  14:20  Corruptor  
  172  14:30  Corruptor  
  172  14:31  Corruptor  
  174  14:36  Corruptor  
  178  14:59  Corruptor  
  178  15:00  Corruptor x3  
  186  15:15  Spore Crawler  
  186  15:16  Corruptor, Spore Crawler  
  186  15:17  Corruptor x2, Spore Crawler x2  
  186  15:18  Spore Crawler  
  186  15:19  Spore Crawler  
  186  15:20  Zergling x20  
  186  15:21  Zergling x4  
  198  15:42  Nydus Network  
  192  15:53  Hive  
  192  15:55  Zerg Missile Weapons Level 2, Zerg Melee Weapons Level 2  
  192  16:05  Spire  
  191  16:19  Overlord x3  
  191  16:20  Overlord x2  
  185  17:00  Zergling x2  
  185  17:01  Zergling x34  
  160  17:02  Zergling x18  
  160  17:05  Zergling x2, Corruptor x14  
  165  17:16  Zergling x2  
  165  17:17  Zergling x12  
  165  17:18  Drone  
  165  17:21  Drone x2  
  157  17:23  Drone x2  
  157  17:28  Corruptor x2  
  112  17:47  Zergling x2  
  112  17:48  Zergling x16  
  104  17:55  Corruptor x2  
  97  18:07  Hydralisk x3  
  97  18:21  Zergling x8  
  97  18:25  Extractor  
  97  18:26  Extractor  
  90  18:28  Hatchery  
  89  18:36  Zergling x2  
  90  18:51  Corruptor  
  90  18:53  Zergling x2  
  93  18:57  Zergling x2  
Show
View Real Time Build Order
Export as new Build Order

Narwhal Protoss 

Build Orders:  

Get SALT Encoding   

  12  0:00  Probe  
  13  0:12  Probe  
  14  0:18  Pylon  
  14  0:29  Probe  
  15  0:37  Forge  
  15  0:41  Probe (Chrono Boost)  
  16  0:53  Probe (Chrono Boost)  
  17  1:02  Probe (Chrono Boost)  
  18  1:04  Pylon  
  18  1:13  Probe  
  18  1:17  Assimilator  
  19  1:24  Photon Cannon  
  19  1:25  Probe  
  20  1:37  Probe  
  21  1:56  Pylon  
  21  2:00  Pylon  
  21  2:08  Probe  
  22  2:14  Gateway  
  22  2:19  Photon Cannon  
  21  2:26  Photon Cannon  
  21  2:40  Photon Cannon  
  21  2:49  Probe  
  22  2:54  Photon Cannon  
  22  2:56  Pylon  
  22  3:08  Photon Cannon  
  22  3:19  Cybernetics Core  
  22  3:23  Photon Cannon  
  22  3:30  Photon Cannon  
  22  3:36  Pylon  
  22  3:51  Pylon  
  22  4:02  Pylon  
  22  4:11  Photon Cannon  
  22  4:21  Photon Cannon  
  22  4:24  Shield Battery  
  21  5:06  Probe  
  22  5:11  Assimilator  
  22  5:14  Nexus, Pylon  
  22  5:15  Pylon  
  21  5:31  Probe  
  21  5:35  Photon Cannon  
  22  5:43  Probe (Chrono Boost)  
  22  5:48  Stalker (Chrono Boost)  
  23  5:53  Probe (Chrono Boost)  
  23  5:56  Shield Battery  
  26  5:58  Probe (Chrono Boost)  
  27  6:04  Shield Battery  
  27  6:08  Stalker (Chrono Boost)  
  27  6:17  Stargate  
  29  6:31  Probe  
  30  6:35  Gateway  
  28  6:42  Stalker (Chrono Boost)  
  30  6:48  Shield Battery  
  30  6:53  Void Ray (Chrono Boost)  
  30  7:05  Stalker (Chrono Boost)  
  34  7:20  Probe x2  
  29  7:46  Probe x2  
  29  7:49  Void Ray (Chrono Boost)  
  31  7:54  Stalker  
  33  7:58  Probe x2  
  39  8:11  Probe (Chrono Boost)  
  40  8:19  Probe (Chrono Boost)  
  42  8:28  Probe (Chrono Boost)  
  42  8:29  Probe (Chrono Boost)  
  42  8:34  Probe  
  42  8:36  Assimilator  
  43  8:47  Stalker x2  
  43  9:12  Probe x2  
  43  9:24  Probe  
  38  9:36  Stalker x2 (Chrono Boost)  
  38  9:45  Gateway  
  42  9:48  Assimilator, Gateway  
  42  9:50  Pylon  
  42  10:01  Warp Gate (Chrono Boost)  
  42  10:06  Void Ray (Chrono Boost)  
  42  10:16  Probe x2  
  48  10:37  Photon Cannon  
  48  10:38  Stalker (Chrono Boost)  
  56  10:43  Shield Battery  
  56  10:48  Stalker x3 (Chrono Boost)  
  56  10:50  Pylon  
  56  10:52  Pylon  
  56  10:54  Void Ray  
  56  10:59  Probe x2  
  62  11:08  Protoss Shields Level 1 (Chrono Boost)  
  62  11:11  Probe  
  63  11:23  Probe  
  64  11:34  Twilight Council  
  64  11:57  Stalker  
  64  11:58  Stalker x2  
  62  12:13  Void Ray (Chrono Boost), Blink (Chrono Boost)  
  62  12:15  Photon Cannon  
  62  12:27  Nexus  
  62  12:33  Stalker x4  
  70  12:43  Stargate  
  70  12:50  Oracle (Chrono Boost)  
  70  12:58  Pylon  
  73  13:02  Stargate  
  73  13:06  Stargate  
  73  13:11  Probe x2  
  75  13:13  Stalker x4  
  75  13:15  Protoss Shields Level 2 (Chrono Boost)  
  83  13:29  Void Ray (Chrono Boost)  
  83  13:34  Protoss Air Weapons Level 1, Assimilator  
  87  13:35  Void Ray (Chrono Boost)  
  87  13:40  Probe x2  
  87  13:41  Probe  
  94  13:52  Probe  
  94  13:53  Probe x2  
  97  14:04  Stalker x3, Probe  
  97  14:05  Probe  
  102  14:34  Assimilator  
  102  14:37  Void Ray (Chrono Boost)  
  102  14:38  Photon Cannon  
  106  14:50  Pylon  
  106  14:52  Pylon  
  106  15:04  Robotics Facility  
  106  15:06  Void Ray (Chrono Boost)  
  106  15:13  Pylon  
  114  15:18  Void Ray (Chrono Boost)  
  114  15:26  Stalker  
  116  15:31  Pylon  
  116  15:33  Pylon  
  116  15:36  Void Ray x2 (Chrono Boost)  
  116  15:49  Nexus  
  128  15:51  Void Ray (Chrono Boost)  
  128  15:52  Pylon x2  
  128  15:53  Fleet Beacon  
  128  15:59  Stalker  
  128  16:00  Stalker x2  
  128  16:03  Void Ray  
  138  16:25  Void Ray x2  
  147  16:40  Probe x3  
  147  16:45  Void Ray  
  149  16:48  Observer  
  149  16:52  Photon Cannon  
  154  16:58  Photon Cannon  
  154  17:00  Shield Battery  
  130  17:09  Void Ray  
  130  17:13  Stalker x4  
  78  17:27  Carrier (Chrono Boost)  
  84  17:41  Carrier (Chrono Boost)  
  84  17:43  Stalker x2  
  94  18:05  Carrier (Chrono Boost)  
  100  18:09  Stalker x3  
  106  18:28  Carrier (Chrono Boost)  
  99  19:15  Stalker  
  99  19:16  Stalker x2  
Show
View Real Time Build Order
Export as new Build Order

RuggedMusic Terran 

Build Orders: 2 Factory, Mech 

Get SALT Encoding   

  12  0:01  SCV  
  14  0:14  SCV  
  15  0:28  SCV  
  15  0:34  Supply Depot  
  15  0:42  Refinery  
  15  0:44  Refinery  
  15  0:56  SCV  
  16  0:59  Barracks  
  16  1:08  SCV  
  17  1:20  SCV  
  18  1:32  SCV  
  19  1:44  SCV  
  20  1:50  Factory  
  20  1:54  Reaper  
  20  1:56  SCV  
  22  2:08  SCV  
  23  2:25  Supply Depot  
  23  2:49  Starport  
  23  2:53  Factory  
  23  2:54  Orbital Command, Factory Tech Lab  
  22  3:08  Supply Depot  
  22  3:12  Siege Tank  
  25  3:20  SCV  
  26  3:31  Supply Depot  
  26  3:37  Factory Tech Lab  
  26  3:53  Siege Tank, Supply Depot  
  25  4:16  Siege Tank  
  27  4:44  Siege Tank  
  30  4:56  Siege Tank  
  33  5:22  SCV  
  34  5:30  Siege Tank  
  34  5:34  SCV  
  39  5:57  SCV  
  39  6:04  Command Center  
  39  6:08  Command Center  
  39  7:14  Supply Depot  
  39  7:16  Siege Tank x2, SCV  
  39  7:18  Supply Depot  
  46  7:36  Orbital Command x2  
  46  7:37  Factory  
  46  7:40  SCV  
  47  7:52  SCV  
  47  7:58  Supply Depot  
  48  8:00  Supply Depot  
  48  8:04  SCV  
  49  8:15  Cyclone x2  
  55  8:22  Supply Depot  
  55  8:27  Supply Depot  
  55  8:28  Factory Tech Lab  
  55  8:30  Factory  
  55  8:38  Orbital Command  
  55  8:45  Supply Depot  
  55  8:50  Supply Depot  
  55  9:08  Cyclone x2  
  61  9:12  Mag-Field Accelerator, Infernal Pre-Igniter  
  61  9:14  Factory Reactor  
  61  9:17  SCV  
  61  9:18  SCV x2  
  58  10:11  SCV x3  
  58  10:23  Armory, SCV x3  
  58  10:25  Armory  
  61  10:31  Supply Depot  
  61  10:34  Supply Depot x2  
  61  10:35  Supply Depot, SCV  
  61  10:36  SCV x2  
  61  10:37  Supply Depot  
  61  10:40  Refinery  
  61  10:42  Refinery  
  64  10:45  Hellion x3  
  64  10:46  Hellion x2  
  64  10:48  SCV x3  
  77  11:00  SCV x3  
  80  11:10  Thor x2  
  92  11:12  SCV x3  
  92  11:14  Hellbat x3  
  101  11:24  SCV x3  
  104  11:32  Command Center  
  104  11:41  Smart Servos  
  104  11:50  Thor  
  104  11:53  Hellbat x2  
  86  12:34  SCV x3  
  86  12:36  Thor x2  
  86  12:37  Thor  
  98  12:38  Hellbat x2  
  108  12:46  Terran Vehicle Weapons Level 1, SCV, Terran Vehicle And Ship Armor Level 1  
  109  12:59  Hellbat x2  
  109  13:19  Hellbat, Thor  
  117  13:20  Hellbat x2  
  117  13:26  Supply Depot, Thor  
  127  13:39  Orbital Command  
  127  13:40  Hellbat  
  129  13:42  Hellbat x2  
  129  13:47  SCV x3  
  136  13:48  Supply Depot  
  136  13:59  SCV  
  136  14:02  Hellbat x2  
  141  14:03  Hellbat x2  
  141  14:09  Hellbat, SCV  
  149  14:10  Supply Depot, SCV x2  
  149  14:11  SCV  
  151  14:23  Hellbat x2  
  155  14:24  Hellbat  
  155  14:25  Hellbat  
  155  14:31  Hellbat  
  161  14:45  Hellbat x2, Supply Depot  
  165  14:46  Hellbat x2, Supply Depot, Terran Vehicle And Ship Armor Level 2, Terran Vehicle Weapons Level 2  
  165  14:52  Hellbat  
  170  15:06  Hellbat x2  
  174  15:07  Hellbat  
  174  15:08  Hellbat  
  174  15:09  Supply Depot  
  174  15:13  Thor  
  184  15:27  Thor x2  
  196  15:29  Hellbat x2  
  140  17:23  Hellbat x4  
  140  17:24  Hellbat  
  147  17:44  Hellbat  
  147  17:50  Hellbat  
  147  17:51  Hellbat x3  
  150  18:06  Hellbat  
  150  18:12  Hellbat x4  
  162  18:27  Hellbat  
  162  18:33  Hellbat x3  
  162  18:34  Hellbat  
  170  18:48  Hellbat  
  168  19:03  Hellbat  
  168  19:04  Hellbat x3  
Show
View Real Time Build Order
Export as new Build Order

apocalypse Protoss 

Build Orders: Carriers 

Get SALT Encoding   

  12  0:00  Probe  
  13  0:13  Pylon  
  13  0:18  Probe (Chrono Boost)  
  15  0:29  Probe (Chrono Boost)  
  15  0:35  Forge  
  15  0:38  Probe  
  16  0:50  Probe  
  17  1:02  Probe  
  18  1:15  Pylon  
  18  1:24  Pylon  
  18  1:30  Probe  
  19  1:37  Pylon  
  19  1:41  Photon Cannon  
  19  1:42  Probe  
  19  1:45  Photon Cannon  
  19  1:46  Pylon  
  19  1:54  Probe  
  19  2:20  Probe, Assimilator  
  20  2:23  Gateway  
  20  2:27  Assimilator  
  20  2:30  Pylon  
  20  2:32  Probe  
  20  2:44  Probe  
  21  2:56  Probe  
  22  3:05  Photon Cannon  
  22  3:08  Probe  
  22  3:09  Pylon  
  23  3:19  Cybernetics Core  
  23  3:28  Zealot  
  24  3:48  Probe  
  25  3:53  Photon Cannon  
  25  3:55  Photon Cannon  
  25  4:07  Photon Cannon  
  25  4:10  Shield Battery  
  25  4:15  Stargate  
  25  4:17  Stargate  
  25  4:29  Nexus  
  25  4:52  Stalker (Chrono Boost), Void Ray x2 (Chrono Boost)  
  35  5:18  Pylon  
  35  5:55  Fleet Beacon  
  35  6:20  Void Ray  
  36  7:22  Void Ray x2  
  44  7:42  Assimilator  
  40  7:46  Assimilator  
  40  8:09  Void Ray x2  
  42  8:22  Flux Vanes  
  42  8:24  Probe (Chrono Boost)  
  43  8:32  Probe (Chrono Boost)  
  44  8:36  Probe (Chrono Boost)  
  46  8:42  Probe (Chrono Boost)  
  46  8:43  Probe (Chrono Boost)  
  46  8:46  Probe (Chrono Boost)  
  46  8:47  Stargate  
  47  8:51  Probe  
  45  8:57  Probe  
  45  9:01  Void Ray x2  
  42  9:03  Probe  
  42  9:09  Probe (Chrono Boost)  
  48  9:15  Probe (Chrono Boost)  
  49  9:22  Probe (Chrono Boost)  
  50  9:27  Probe (Chrono Boost)  
  50  9:30  Probe (Chrono Boost)  
  52  9:32  Probe (Chrono Boost)  
  52  9:36  Probe  
  46  9:50  Pylon  
  46  9:52  Pylon  
  46  9:55  Pylon  
  46  9:57  Pylon  
  46  10:01  Pylon  
  46  10:27  Carrier x3  
  64  11:56  Nexus  
  64  11:59  Pylon  
  64  12:01  Assimilator  
  64  12:04  Pylon  
  64  12:07  Pylon  
  60  12:09  Pylon  
  60  12:11  Warp Gate (Chrono Boost)  
  60  12:12  Assimilator, Gateway  
  60  12:13  Gateway  
  60  12:14  Gateway  
  60  12:18  Gateway  
  60  12:20  Gateway  
  60  12:21  Gateway  
  60  12:22  Gateway  
  60  12:24  Gateway  
  60  12:40  Carrier x3 (Chrono Boost)  
  78  13:21  Cybernetics Core  
  78  13:35  Probe (Chrono Boost)  
  78  13:40  Carrier x3 (Chrono Boost)  
  97  13:44  Probe (Chrono Boost)  
  98  13:49  Probe (Chrono Boost)  
  99  14:01  Probe  
  100  14:06  Nexus  
  99  14:10  Pylon  
  99  14:13  Probe, Pylon  
  99  14:16  Pylon  
  100  14:18  Assimilator  
  100  14:21  Assimilator  
  100  14:24  Pylon  
  100  14:35  Probe (Chrono Boost)  
  102  14:45  Probe (Chrono Boost)  
  102  14:50  Probe (Chrono Boost)  
  103  14:55  Stalker x5  
  110  15:28  Probe (Chrono Boost)  
  110  15:32  Probe (Chrono Boost)  
  111  15:40  Probe x2 (Chrono Boost)  
  114  15:48  Probe x2 (Chrono Boost)  
  127  15:53  Probe (Chrono Boost)  
  128  16:06  Void Ray (Chrono Boost)  
  128  16:09  Void Ray x2 (Chrono Boost)  
  128  16:23  Probe  
  129  16:31  Probe  
  130  16:35  Probe  
  131  16:43  Probe  
  132  16:47  Probe  
  131  16:56  Probe  
  106  17:09  Carrier x3  
  106  17:13  Stalker x5  
  106  17:14  Stalker x3  
  140  17:42  Probe  
  127  17:54  Probe  
  126  18:00  Probe  
  127  18:06  Probe  
  129  18:12  Probe  
  129  18:23  Probe  
  129  18:24  Probe  
  131  18:30  Zealot x4  
  131  18:31  Zealot x4  
  147  18:35  Probe  
  166  18:47  Probe  
  167  18:59  Probe  
  167  19:01  Probe  
Tags
 
Add a new tag
Caveats
  • Supply blocks, unpowered buildings, or Contaminate may cause inaccurate times.
  • Supply counts are checked every 10 seconds.